 Dungeon Crawl Stone Soup version 0.23-a0-622-g59b4ea9 (console) character file.

33 bli the Skirmisher (level 3, -6/29 HPs)
             Began as a Formicid Abyssal Knight on Dec 23, 2018.
             Was a Follower of Lugonu.
             Mangled by a gnoll
             ... wielding a +0 spear
              (8 damage)
             ... on level 2 of the Dungeon.
             The game lasted 00:05:26 (1824 turns).

bli the Skirmisher (Formicid Abyssal Knight)        Turns: 1824, Time: 00:05:27

Health: -6/29      AC:  4    Str: 16    XL:     3   Next: 47%
Magic:  4/4        EV: 11    Int: 11    God:    Lugonu [*.....]
Gold:   48         SH:  0    Dex: 11    Spells: 2/2 levels left

rFire    . . .     SeeInvis +   a - +0 whip (venom)
rCold    . . .     Gourm    .   (no shield)
rNeg     . . .     Faith    .   k - +0 leather armour
rPois    .         Spirit   .   (helmet unavailable)
rElec    .         Reflect  .   (no cloak)
rCorr    .         Harm     .   g - +0 pair of gloves
MR       .....                  (no boots)
Stlth    +.........             l - amulet of magic regeneration
HPRegen  0.09/turn              (no ring)
MPRegen  0.34/turn              (no ring)

@: no status effects
A: permanent stasis, dig shafts and tunnels, four strong arms, antennae 3
a: Dig, Shaft Self, Depart the Abyss, Renounce Religion


You were on level 2 of the Dungeon.
You worshipped Lugonu.
Lugonu was aware of your devotion.
You were not hungry.

You visited 1 branch of the dungeon, and saw 2 of its levels.
You visited the Abyss 1 time.

You collected 48 gold pieces.

Inventory:

Hand Weapons
 a - a +0 whip of venom (weapon)
 b - a +1 hand axe
Missiles
 e - 44 stones (quivered)
Armour
 g - a +0 pair of gloves (worn)
 i - a cursed +0 chain mail
 j - a +0 scale mail
 k - a +0 leather armour (worn)
 q - a +0 ring mail
Jewellery
 l - an amulet of magic regeneration (around neck)
Wands
 d - a wand of iceblast (12)
Scrolls
 h - 2 scrolls of blinking {unknown}
 n - 3 scrolls of noise {unknown}
Potions
 f - a potion of ambrosia {unknown}
 m - a potion of haste {unknown}
 p - a potion of magic {unknown}
Comestibles
 c - 5 rations
 o - a chunk of flesh


   Skills:
 - Level 3.2 Fighting
 + Level 2.8(2.9) Axes
 * Level 0.8(2.0) Maces & Flails
 + Level 2.4 Armour
 * Level 1.5 Dodging
 - Level 2.1 Invocations


You had 2 spell levels left.
You didn't know any spells.
Your spell library was empty.

Dungeon Overview and Level Annotations

Branches:
Dungeon (2/15)

Altars:


Innate Abilities, Weirdness & Mutations

You cannot be hasted, slowed, berserked, paralysed or teleported.
You can dig through walls and to a lower floor.
Your four strong arms can wield two-handed weapons with a shield.
You have a pair of large antennae on your head. (SInv)


Message History

Throwing (i - inventory)
e - 45 stones (quivered)
Press: ? - help, Shift-Dir - straight line, f/p - gnoll
Aim: a gnoll, wielding a +0 spear (moderately wounded)
You throw a stone.
The stone hits the gnoll but does no damage.
The gnoll is moderately wounded.
The gnoll hits you from afar with a +0 spear.
The gnoll hits you with a +0 spear. The gnoll hits you but does no damage.
You closely miss the gnoll.
The gnoll is moderately wounded.
The gnoll hits you with a +0 spear.
The gnoll hits you from afar with a +0 spear.
You barely miss the gnoll.
The gnoll is moderately wounded.
The gnoll hits you with a +0 spear.
* * * LOW HITPOINT WARNING * * *
The gnoll hits you from afar with a +0 spear.
* * * LOW HITPOINT WARNING * * *
The gnoll hits you from afar with a +0 spear!
You die...

#.# ##.#.## #. #.#
#.###.# #.#. #.#
##.#.## #..# #.#
##.## #..# #{# #.#
#..# #.# #.# #..#
#.# #.# #..#####.#
#.# #........# #.#
##<####### #.# #.#
#@# #.# #.# #.#
#g# #.# #g#
##(##### #g#
.......# #g#
..(###.# #)#
.....#.#########.#
...(.....(gg.g..(#
####.#.###########
#g#.#


You could see 4 gnolls.

Vanquished Creatures
  2 worms (D:2)
  A dart slug (D:1)
  A leopard gecko (D:2)
  3 bats
  A giant cockroach (D:2)
  2 goblins
  3 hobgoblins
  3 kobolds
  A quokka (D:2)
  2 frilled lizards
  3 rats
22 creatures vanquished.

Notes
Turn   | Place    | Note
-------+----------+-------------------------------------------
     0 | Abyss:1  | bli the Formicid Abyssal Knight began the quest for the
                  | Orb.
     0 | Abyss:1  | Reached XP level 1. HP: 18/18 MP: 2/2
     0 | Abyss:1  | Found a corrupted altar of Lugonu.
    41 | Abyss:2  | Noticed a raiju
    90 | Abyss:2  | Noticed a wretched star
    93 | D:1      | Escaped the Abyss
   419 | D:1      | Reached skill level 1 in Dodging
   466 | D:1      | Reached XP level 2. HP: 23/24 MP: 3/3
   770 | D:1      | Reached * piety under Lugonu
  1355 | D:2      | Reached XP level 3. HP: 10/29 MP: 4/4
  1824 | D:2      | Mangled by a gnoll

Vault maps used:
D:1:      dpeg_arrival_leaves_temple_mockup, hex_tiny, minmay_cut_off
D:2:      nicolae_ru_great_annihilating_truth, nicolae_overflow_crystal_walls,
          first_ration, uniq_jessica, uniq_natasha

Skill      XL: |  1 |
---------------+----+-----
Dodging        | 1 |  1.5
Fighting       | |  3.2
Axes           | |  2.8
Maces & Flails | |  0.8
Armour         | |  2.4
Invocations    | |  2.1

Action                   || total
-------------------------++-------
Melee: Hand axe          ||    34
       Whip              ||    29
Throw: Stone             ||    26
Invok: Depart the Abyss  ||     1
  Eat: Chunk             ||     3
Armor: Leather armour    ||    18
Dodge: Dodged            ||    37

Table legend:
 A = Non-vault XP
 B = Vault XP
 C = Vault XP percentage of total XP
 D = Non-vault monster count
 E = Vault monster count
 F = Vault count percentage of total count
                 A         B        C        D         E       F
            +---------+---------+-------+---------+---------+-------
      Total |      45 |       3 |   6.2 |      20 |       2 |   9.1
            +---------+---------+-------+---------+---------+-------
        D:1 |      15 |       3 |  16.7 |       8 |       2 |  20.0
        D:2 |      30 |       0 |   0.0 |      12 |       0 |   0.0
            +---------+---------+-------+---------+---------+-------
